 Dungeon Crawl Stone Soup version 0.31-a0-441-g867994ef1c (webtiles) character file.

Game seed: 16195497692373063019

4 avis the Chopper (level 1, 20/20 HPs)
             Began as a Hill Orc Monk on Aug 3, 2023.
             Got out of the dungeon alive.
             The game lasted 00:02:31 (257 turns).

avis the Chopper (Hill Orc Monk)                     Turns: 257, Time: 00:02:32

Health: 20/20      AC:  3    Str: 13    XL:     1   Next: 70%
Magic:  1/1        EV: 12    Int: 10    God:
Gold:   0          SH:  0    Dex: 13    Spells: 0/0 levels left

rFire   . . .        a - +0 hand axe
rCold   . . .        d - orb {light}
rNeg    . . .        b - +0 robe
rPois   .            (no helmet)
rElec   .            (no cloak)
rCorr   .            k - +0 pair of gloves
SInv    .            (no boots)
Will    .....        (no amulet)
Stlth   +            (no ring)
HPRegen 0.23/turn    (no ring)
MPRegen 0.07/turn

%: no passive effects
@: glowing
A: no striking features
a: no special abilities


You escaped.
You visited 1 branch of the dungeon, and saw 1 of its levels.

Inventory:

Hand Weapons
 a - a +0 hand axe (weapon)
Armour
 b - a +0 robe (worn)
 d - an orb of light (worn)
 k - a +0 pair of gloves (worn)
Talismans
 j - a storm talisman
Potions
 c - a potion of ambrosia
 e - 2 potions of might {unknown}
 f - a potion of invisibility {unknown}
 g - a potion of heal wounds {unknown}
 h - a potion of enlightenment {unknown}
 i - a potion of curing {unknown}


   Skills:
 - Level 4.0 Fighting
 * Level 4.1 Axes
 - Level 2.4 Dodging


You couldn't memorise any spells.
You didn't know any spells.
Your spell library contained the following spells:

 Spells                   Type           Power      Damage    Failure   Level
 Blink                    Tloc           0%         N/A       50%         2
 Manifold Assault         Tloc           0%         N/A       98%         4


Dungeon Overview and Level Annotations

Branches:
Dungeon (1/15)

Altars:


Message History

The frilled lizard hisses angrily.
You hit the frilled lizard.
You kill the frilled lizard!
g - a metallic green potion
h - a purple potion A quokka comes into view.
A rat comes into view.
Found an orange potion.
You closely miss the quokka. The quokka bites you.
You hit the quokka.
The quokka is heavily wounded.
The quokka closely misses you. The quokka bites you.
You hit the quokka.
The quokka is severely wounded.
The quokka closely misses you.
You hit the quokka.
You kill the quokka!
You hit the rat.
You kill the rat!
Training target 4.0 for Fighting reached!
Your Fighting skill increases to level 4!
You need to enable at least one skill for training.
You start resting.
HP restored.
Found a white potion.
Found a storm talisman.
i - an orange potion You see here a storm talisman.
j - a storm talisman
Found a stone staircase leading down.
e - 2 white potions (gained 1)
Found a pair of gloves.
You see here a +0 pair of gloves.
k - a +0 pair of gloves You start putting on your armour.
You continue putting on your +0 pair of gloves. x4
You finish putting on your +0 pair of gloves.
There is a staircase leading out of the dungeon here.
Are you sure you want to leave the Dungeon?
This will make you lose the game!
You have escaped!

#..............#
#♣♣.♣♣...§.....##
##♣♣...♣..♣#§.....#
#..♣♣♣..♣♣§§○.....#
#∩♣..8.8♣♣♣○§§....#####
##..♣8...8.§♣#####'#....
#.♣♣8..⌠..8♣♣♣..........
#♣.8.......8......†.....
#♣...⌠.@.⌠..♣♣..........
#.♣8.......8.♣..........
#♣♣.8..⌠..8.♣...........
#.♣♣8...8♣♣[#.......###
#§♣..8.8..♣♣#...>......
#§.♣♣♣♣.♣♣.§#######....
##. ♣♣.♣☼## #.... # .# #
##... ## ####


There were no monsters in sight!

Vanquished Creatures
  A quokka (D:1)
  2 frilled lizards (D:1)
  3 rats (D:1)
6 creatures vanquished.

Notes
Turn   | Place    | Note
-------+----------+-------------------------------------------
     0 | D:1      | avis the Hill Orc Monk began the quest for the Orb.
     0 | D:1      | Reached XP level 1. HP: 19/19 MP: 1/1
   257 | D:$      | Got out of the dungeon alive.

Illustrated notes

Levels and vault maps discovered:
D:1:      heliophobic_arrival_enchanted_forest, layout_basic,
          ebering_ecumenical_altar_abandoned, reono_crystal_passage

Skill      XL: |  1 |
---------------+----+-----
Fighting       | 4 |  4.0
Axes           | |  4.1
Dodging        | |  2.4

Action                     || total
---------------------------++-------
  Melee: Hand axe          ||    16
 Armour: Robe              ||     2
  Dodge: Dodged            ||     9

Table legend: (Time is in decaauts)
 A = Elapsed time spent in this place.
 B = Non-inter-level travel time spent in this place.
 C = Inter-level travel time spent in this place.
 D = Time resting spent in this place.
 E = Time spent auto-exploring this place.
 F = Levels seen in this place.
 G = Mean time per level.
                   A        B        C        D        E       F      G
               +--------+--------+--------+--------+--------+-----+--------+
         Total |    258 |    218 |     40 |     32 |     79 |   1 |  258.0 |
       Dungeon |    258 |    218 |     40 |     32 |     79 |   1 |  258.0 |
               +--------+--------+--------+--------+--------+-----+--------+

Top non-repeatable levels by time:
     D:1: 258 daAuts
